 Dungeon Crawl Stone Soup version 0.30-a0-377-g5cb311bc9f (webtiles) character file.

Game seed: 16687777557140567809

4874 KennySheep the Thaumaturge (level 10, -6/115 HPs)
             Began as a Djinni Necromancer on Nov 29, 2022.
             Was a High Priest of Ru.
             Mangled by an orc warrior
             ... wielding a +0 war axe
              (13 damage)
             ... in a bailey.
             The game lasted 00:40:08 (8648 turns).

KennySheep the Thaumaturge (Djinni Necromancer)     Turns: 8648, Time: 00:40:10

Health: -6/115     AC:  5    Str: 13    XL:     10   Next: 79%
Gold:   384        EV: 12    Int: 19    God:    Ru [*****.] SH:  0 Dex: 14

rFire   + + +      SeeInvis .    b - +6 trident of Annihilation {antimagic, rC+}
rCold   + . .      Faith    .    (shield unavailable)
rNeg    . . .      Spirit   .    o - +2 robe {rC+ rF+}
rPois   ∞          Reflect  .    (no helmet)
rElec   .          Harm     .    (no cloak)
rCorr   .          Rampage  .    r - +0 pair of gloves
Will    +....                    (boots unavailable)
Stlth   ..........               (no amulet)
HPRegen 0.39/turn                (ring unavailable)
MPRegen 0.00/turn                u - +6 ring of strength

@: berserking, about to teleport, flying, very quick
A: sickness immunity, dopey 1, fire resistance 2, cold vulnerability 1, missing
a hand, no stealth, inability to train armour, float, innate caster, HP casting,
extra vitality 1
a: Renounce Religion, Draw Out Power, Power Leap, Apocalypse


You were in a bailey.
You worshipped Ru.
Ru was extremely pleased with you.
You visited 1 branch of the dungeon, and saw 8 of its levels.
You also visited: Bailey.

You collected 426 gold pieces.
You spent 42 gold pieces at shops.

Inventory:

Hand Weapons
 b - the +6 trident of Annihilation (weapon) {antimagic, rC+}
   (You found it on level 7 of the Dungeon)

   It reduces the magical energy of the wielder, and disrupts the spells and
   magical abilities of those it strikes.
   Natural abilities and divine invocations are not affected.
   rC:        It protects you from cold.
 v - the +14 obsidian axe {vorpal, Mesm Drain Fly SInv}
   (You took it off a gnoll in a bailey)

   It inflicts extra damage upon your enemies.
   It occasionally summons demons to assist the wielder when it strikes in
   combat.
   Its wielder is mesmerised by any visible foes.
   It cannot be unequipped while any foes are visible.
   SInv:      It lets you see invisible.
   Fly:       It grants you flight.
   Drain:     It drains your maximum health when unequipped.
Armour
 a - the +4 robe of Jaucraenn {Slay+2 Stlth+}
   (You found it on level 3 of the Dungeon)

   Slay:      It affects your accuracy & damage with ranged weapons and melee
   (+2).
   Stlth:     It makes you more stealthy.
 o - a +2 robe of resistance (worn)
 r - a +0 pair of gloves (worn)
Magical Staves
 x - a staff of conjuration
Jewellery
 q - a +4 ring of slaying
 u - a +6 ring of strength (right hand)
Wands
 j - a wand of mindburst (15)
 k - a wand of paralysis (19)
 m - a wand of iceblast (3)
Scrolls
 f - 2 scrolls of fog
 g - a scroll of vulnerability
 l - 2 scrolls of poison
 w - a scroll of acquirement
Potions
 c - 2 potions of brilliance
 d - 3 potions of flight
 h - 2 potions of might
 i - 3 potions of resistance
 n - a potion of haste
 p - 2 potions of degeneration


   Skills:
 + Level 8.7 Fighting
 - Level 2.1 Dodging
 * Level 10.2 Spellcasting


You had 7 spell levels left.
You knew the following spells:

 Your Spells              Type           Power      Damage    Failure   Level
a - Necrotise             Necr           100%       1d9       1%          1
b - Vampiric Draining     Necr           48%        2d9       1%          3
c - Iskenderun's Mystic   Conj/Tloc      48%        2d11      1%          4
d - Agony                 Necr           48%        N/A       3%          5
e - Sting                 Tmut/Pois      100%       1d8       1%          1
f - Wereblood             Tmut           48%        N/A       1%          2
g - Blink                 Tloc           96%        N/A       1%          2
h - Animate Dead          Necr           48%        N/A       1%          4
Your spell library was empty.

Dungeon Overview and Level Annotations

Branches:
Dungeon (8/15)             Temple (0/1) D:4          Bailey (1/1)
   Lair: D:8-11

Altars:
Okawaru
Ru

Shops:
D:6 *   D:7 *

Annotations:
D:4 3 runed translucent doors, SmokeWeed's ghost, amateur OgGl
D:8 Psyche


Innate Abilities, Weirdness & Mutations

You are immune to sickness and miasma.
You are immune to poison.
You are dopey. (Int -2)
Your flesh is very heat resistant. (rF++)
You are vulnerable to cold. (rC-)
You are missing a hand.
You cannot be stealthy.
You cannot train Armour skill.
You float through the air rather than walking.
You learn spells naturally, not from books.
Your magical power is your life essence.
You have superior vitality. (+4 MHP)


Message History

i - 3 potions of resistance (gained 1)
An orc warrior comes into view. It is wielding a +0 hand axe.
The orc warrior shouts!
The orc warrior shouts!
You hear a shout!
The orc warrior closely misses you.
You redirect the orc warrior's attack!
The orc warrior hits itself with a +0 hand axe!
An orc warlord comes into view. It is wielding a +5 broad axe.
The orc warlord shouts!
The orc warrior hits you with a +0 hand axe!
* * * LOW HITPOINT WARNING * * *
The orc warlord shouts!
There is an open door here.
Your extra speed is starting to run out.
Found a war axe and a weird glowing staff.
You redirect the orc warlord's attack!
The orc warlord shouts!
The orc warlord roars a battlecry!
The orc warrior goes into a battle-frenzy!
You flicker for a moment.
You feel yourself slow down.
You see here a staff of conjuration.
x - a staff of conjuration
Okay, then.
As you read the scroll of teleportation, it crumbles to dust.
You feel strangely unstable.
As you read the scroll labelled LUW ECUDACHAU, it crumbles to dust.
You feel momentarily disoriented.
It was a scroll of magic mapping.
You flicker back into view.
Your surroundings seem slightly different.
As you read the scroll of teleportation, it crumbles to dust.
You feel strangely unstable.
The orc warrior hits you with a +0 war axe!
* * * LOW HITPOINT WARNING * * *
Okay, then.
Okay, then.
A red film seems to cover your vision as you go berserk!
You feel yourself moving faster!
You feel mighty!
The orc warrior hits you with a +0 war axe!
You die...

##.........##.....##....)....#
#.....⌠.....#######...g.⌠)....
##.........##.....##)........#
#.........#)......#.........#
##.......##.......##..o....##
#.......#.........#.......#
##.....##.........##..)..##
##'####...o.o.....####)##
##.....##..@o.g...##))o.)##
#.......#..go.....#...))..#
##.......##.......##...)...##
#.........#.......#...o.....#
##.........###...###.....)...#
#.....⌠.....###'###.....⌠.....
##.........##88.88##.))).....#
#.........#.......#..)......#
##.......##.....o.##)......##


You could see an orc warlord, 3 orc warriors and 2 gnolls.

Vanquished Creatures
  An orc knight (Bailey)
  Sigmund (D:2)
  3 yaks (D:8)
  An acid dragon (D:8)
  Duvessa (D:5)
  9 orc warriors (Bailey)
  A sky beast (D:7)
  An ice beast (D:5)
  3 black bears
  An ogre (D:4)
  3 phantoms
  4 kobold brigands
  A bullfrog (D:7)
  A necrophage (D:6)
  2 gnoll sergeants (D:6)
  3 scorpions
  4 wights (D:8)
  Dowan (D:5)
  3 killer bees (D:7)
  2 hounds
  A jelly (D:7)
  4 orc priests
  Jessica (D:3)
  8 iguanas
  4 orc wizards
  A kobold zombie (D:7)
  A sky beast zombie (D:7)
  16 gnolls
  6 adders
  A white imp (D:8)
  An ufetubus (D:5)
  5 dart slugs
  28 orcs
  12 ball pythons
  4 bats
  6 endoplasms
  3 giant cockroaches
  18 hobgoblins
  2 jackals (D:1)
  3 quokkas (D:1)
  2 frilled lizards (D:1)
  21 goblins
  27 kobolds
  4 rats
225 creatures vanquished.

Vanquished Creatures (collateral kills)
  A goblin (D:1)
1 creature vanquished.

Vanquished Creatures (others)
  A kobold zombie (D:7)
  2 orc zombies (D:5)
3 creatures vanquished.

Grand Total: 229 creatures vanquished

Notes
Turn   | Place    | Note
-------+----------+-------------------------------------------
     0 | D:1      | KennySheep the Djinni Necromancer began the quest for the
                  | Orb.
     0 | D:1      | KennySheep set off with the following spells memorised:
                  | Necrotise, Vampiric Draining, Animate Dead, Agony.
     0 | D:1      | Reached XP level 1. HP: 15/15 MP: 0/0
   118 | D:1      | Reached XP level 2. HP: 21/22 MP: 0/0
   224 | D:1      | Found a faded altar of an unknown god.
   263 | D:1      | Prayed at the altar of an unknown god.
   263 | D:1      | Became a worshipper of Ru the Awakened
   266 | D:1      | Gained mutation: You cannot train Armour skill. [Ru
                  | sacrifice]
   266 | D:1      | Reached * piety under Ru
   348 | D:1      | Reached skill level 1 in Fighting
   486 | D:1      | Reached XP level 3. HP: 18/27 MP: 0/0
   486 | D:1      | Learned a level 1 spell: Sting
  1207 | D:2      | Noticed Sigmund
  1219 | D:2      | Killed Sigmund
  1220 | D:2      | Reached skill level 4 in Spellcasting
  1220 | D:2      | Reached XP level 4. HP: 33/35 MP: 0/0
  1220 | D:2      | Reached XP level 5. HP: 37/40 MP: 0/0
  1220 | D:2      | Learned a level 2 spell: Wereblood
  1220 | D:2      | Reached XP level 6. HP: 43/46 MP: 0/0
  1461 | D:2      | Found a sacrificial altar of Ru.
  1654 | D:2      | Reached skill level 5 in Spellcasting
  2058 | D:3      | Found an iron altar of Okawaru.
  2426 | D:3      | Noticed Jessica
  2428 | D:3      | Killed Jessica
  2474 | D:3      | Identified the +4 robe of Jaucraenn {Slay+2 Stlth+}
  2614 | D:4      | Reached XP level 7. HP: 48/50 MP: 0/0
  2614 | D:4      | Learned a level 2 spell: Blink
  2730 | D:4      | Gained mutation: You cannot be stealthy. [Ru sacrifice]
  2730 | D:4      | Reached ** piety under Ru
  2747 | D:4      | Noticed SmokeWeed's ghost (amateur OgGl)
  2750 | D:4      | Found a runed translucent gate.
  2750 | D:4      | Found a runed translucent gate.
  2750 | D:4      | Found a runed translucent gate.
  2755 | D:4      | Found a staircase to the Ecumenical Temple.
  3502 | D:5      | Entered Level 5 of the Dungeon
  3502 | D:5      | Noticed Duvessa
  3502 | D:5      | Noticed Dowan
  3741 | D:5      | Reached skill level 6 in Spellcasting
  3749 | D:5      | Reached XP level 8. HP: 36/58 MP: 0/0
  3757 | D:5      | Killed Duvessa
  3761 | D:5      | Killed Dowan
  4128 | D:5      | Reached skill level 5 in Fighting
  4644 | D:5      | Reached skill level 7 in Spellcasting
  5412 | D:6      | Reached XP level 9. HP: 55/66 MP: 0/0
  5412 | D:6      | Learned a level 4 spell: Iskenderun's Mystic Blast
  5946 | D:6      | Reached skill level 8 in Spellcasting
  6063 | D:6      | Found Zupn's Neck Hole.
  6109 | D:6      | Found a sacrificial altar of Ru.
  6196 | D:6      | Gained mutation: You are missing a hand. [Ru sacrifice]
  6196 | D:6      | Reached *** piety under Ru
  6196 | D:6      | Reached **** piety under Ru
  6328 | D:7      | Identified the +6 trident of Annihilation {antimagic, rC+}
  6788 | D:7      | Found Leymuf's General Store.
  6868 | D:7      | Bought a scroll of teleportation for 42 gold pieces
  7669 | D:8      | Reached XP level 10. HP: 46/75 MP: 0/0
  7744 | D:8      | Reached skill level 9 in Spellcasting
  7860 | D:8      | Noticed Psyche
  7862 | D:8      | Psyche changed into Psyche the acid dragon
  7862 | D:8      | Noticed Psyche
  7893 | D:8      | Found a flagged portal.
  7957 | Bailey   | Entered a bailey
  8350 | Bailey   | Gained mutation: You are dopey. (Int -2) [Ru sacrifice]
  8350 | Bailey   | Reached ***** piety under Ru
  8506 | Bailey   | Noticed an orc knight
  8527 | Bailey   | Killed an orc knight
  8528 | Bailey   | Reached skill level 10 in Spellcasting
  8629 | Bailey   | Noticed an orc warlord
  8648 | Bailey   | Mangled by an orc warrior

Illustrated notes

Levels and vault maps discovered:
D:1:      sevenhm_arrival_forest_fort_small_4, layout_loops_corners,
          hellmonk_ecumenical_altar_leap_of_faith
D:2:      layout_loops_cross, basic_altar, grunt_ministairs_14, uniq_sigmund
D:3:      layout_basic, nicolae_overflow_two_pavilions, uniq_jessica
D:4:      layout_loops_ring, minmay_temple_entry_overgrown,
          gammafunk_ghost_split, chequers_serial_rivers_room_a
D:5:      layout_loops_ring, uniq_duvessa
D:6:      layout_basic, nicolae_ru_the_path_less_chosen,
          nicolae_shop_sticking_my_neck_out
D:7:      layout_basic, serial_shops, nicolae_square_shop,
          nicolae_ossuary_entry_plus
D:8:      layout_cave_pools, enter_bailey_3, uniq_psyche
Bailey:   bailey_axe_minmay_hex_keep, bailey

Skill      XL: |  1  2  3  4  5  6  7  8  9 10 |
---------------+-------------------------------+-----
Fighting       | 1 3 4 5 7 8 |  8.7
Spellcasting   | 4 5 6 7 8 10 | 10.2
Stealth        | 0 |  0.0
Dodging        | |  2.1

Action                   |  1- 3 |  4- 6 |  7- 9 | 10-12 || total
-------------------------+-------+-------+-------+-------++-------
Melee: Unarmed           |     1 |     1 |     6 |       ||     8
       Trident           |       |       |    34 |    20 ||    54
 Cast: Necrotise         |    67 |    19 |     2 |       ||    88
       Vampiric Draining |     1 |       |       |       ||     1
       Sting             |       |    35 |   230 |       ||   265
       Animate Dead      |       |       |     3 |       ||     3
       Wereblood         |       |       |     1 |       ||     1
       Iskenderun's Myst |       |       |    48 |    45 ||    93
Invok: Sacrifice Durabil |     1 |       |       |       ||     1
       Sacrifice Stealth |       |       |     1 |       ||     1
       Sacrifice a Hand  |       |       |     1 |       ||     1
       Sacrifice Purity  |       |       |       |     1 ||     1
  Use: Potion            |       |     3 |     4 |     3 ||    10
       Scroll            |       |     2 |     8 |     5 ||    15
 Stab: Sleeping          |       |     1 |       |       ||     1
Armor: Robe              |     1 |     1 |    52 |     4 ||    58
       Leather armour    |       |     5 |       |       ||     5
Dodge: Dodged            |    23 |    14 |   141 |    31 ||   209

Table legend: (Time is in decaauts)
 A = Elapsed time spent in this place.
 B = Non-inter-level travel time spent in this place.
 C = Inter-level travel time spent in this place.
 D = Time resting spent in this place.
 E = Time spent auto-exploring this place.
 F = Levels seen in this place.
 G = Mean time per level.
                   A        B        C        D        E       F      G
               +--------+--------+--------+--------+--------+-----+--------+
         Total |   8648 |   8325 |    323 |   1746 |   4892 |   9 |  960.9 |
       Dungeon |   7968 |   7645 |    323 |   1369 |   4827 |   8 |  996.0 |
        Bailey |    680 |    680 |      0 |    377 |     65 |   1 |  680.0 |
               +--------+--------+--------+--------+--------+-----+--------+

Top non-repeatable levels by time:
     D:7: 1412 daAuts
     D:4: 1329 daAuts
     D:6: 1232 daAuts
     D:5: 1084 daAuts
     D:1: 1073 daAuts
     D:3: 771 daAuts
     D:2: 764 daAuts
  Bailey: 680 daAuts
     D:8: 301 daAuts
